Map: Blackburn LE

Players

Stephano

  • Race: Zerg Zerg

Clem - Winner!

  • Race: Terran Terran

Event: DreamHack SC2 Masters 2021 Fall

VOD

Have the link to the VOD?

Description

Time

  • Played on: July 28, 2021, 3:11 p.m.
  • Length: 8:40

All games in this series

Show
View Real Time Build Order
Export as new Build Order

Stephano Zerg 

Build Orders: Hatch First 

Get SALT Encoding   

  12  0:00  Drone  
  13  0:12  Overlord  
  13  0:17  Drone  
  14  0:30  Drone x2  
  16  0:48  Hatchery  
  15  0:52  Drone  
  15  0:55  Drone  
  17  0:58  Drone  
  18  1:08  Extractor  
  17  1:13  Spawning Pool  
  17  1:17  Drone  
  17  1:20  Drone  
  18  1:28  Drone  
  19  1:38  Drone  
  20  1:49  Drone  
  21  2:00  Queen x2  
  21  2:01  Zergling x4  
  27  2:11  Drone  
  27  2:13  Overlord  
  28  2:21  Hatchery  
  27  2:31  Drone  
  27  2:32  Drone x2  
  27  2:35  Drone  
  31  2:40  Queen  
  33  2:52  Metabolic Boost  
  33  2:53  Overlord  
  33  2:56  Drone  
  34  2:59  Drone x2  
  36  3:12  Drone x3  
  39  3:13  Drone x2  
  39  3:16  Drone  
  42  3:22  Queen  
  44  3:28  Overlord  
  44  3:33  Queen, Drone  
  44  3:34  Queen  
  47  3:38  Drone  
  50  3:45  Overlord  
  50  3:50  Zergling x6  
  50  3:51  Drone x2  
  55  3:56  Drone  
  55  3:57  Drone  
  55  3:58  Spore Crawler  
  55  3:59  Drone  
  55  4:06  Drone x4  
  58  4:10  Drone x2  
  58  4:14  Drone  
  58  4:16  Drone  
  62  4:22  Drone, Evolution Chamber  
  62  4:23  Evolution Chamber  
  61  4:26  Drone x3  
  64  4:32  Queen, Overlord  
  64  4:33  Extractor  
  66  4:40  Spore Crawler x2  
  66  4:41  Spore Crawler, Drone x2  
  65  4:49  Overlord  
  65  4:51  Drone x3  
  65  4:52  Zerg Ground Armor Level 1  
  68  4:53  Zerg Melee Weapons Level 1  
  68  4:54  Drone  
  68  4:56  Drone  
  68  4:58  Drone  
  71  5:01  Extractor  
  71  5:02  Drone x3  
  71  5:04  Extractor  
  71  5:07  Queen  
  72  5:09  Drone x2  
  72  5:14  Drone x2  
  78  5:21  Zergling x6  
  80  5:22  Lair  
  80  5:26  Extractor  
  80  5:27  Extractor  
  79  5:31  Zergling x4  
  79  5:32  Overlord x2  
  81  5:37  Overlord  
  81  5:48  Hatchery  
  81  5:49  Baneling Nest  
  79  5:52  Zergling x2  
  79  5:53  Zergling x6, Overlord  
  79  5:54  Drone x3  
  79  5:56  Drone x2  
  88  6:00  Drone  
  89  6:12  Zergling x14  
  89  6:13  Zergling x4  
  94  6:30  Drone x2  
  96  6:35  Baneling x4  
  96  6:36  Centrifical Hooks  
  96  6:38  Drone x3  
  96  6:39  Hydralisk Den  
  99  6:40  Extractor, Zergling x14  
  104  6:49  Overlord x5  
  102  7:04  Baneling x6  
  102  7:05  Baneling  
  102  7:06  Overlord x2  
  102  7:12  Muscular Augments  
  100  7:18  Drone x5  
  100  7:19  Drone x3  
  105  7:23  Zergling x12  
  108  7:33  Baneling  
  108  7:38  Zergling x22  
  108  7:48  Zergling x12  
  107  7:52  Queen x2  
  107  7:53  Queen  
  107  7:55  Hydralisk x3  
  107  7:56  Hydralisk  
  115  8:01  Baneling x8  
  113  8:06  Baneling  
  113  8:07  Baneling x2  
  113  8:14  Hydralisk x2  
  113  8:15  Hydralisk x3  
  123  8:20  Baneling x7  
  123  8:21  Overseer  
  123  8:22  Zergling x6  
  123  8:24  Baneling x5  
  123  8:25  Baneling  
Show
View Real Time Build Order
Export as new Build Order

Clem Terran - Winner!

Build Orders: Reaper Expand 

Get SALT Encoding   

  12  0:00  SCV  
  13  0:12  SCV  
  14  0:16  Supply Depot  
  14  0:24  SCV  
  15  0:38  SCV  
  15  0:39  Barracks  
  16  0:43  Refinery  
  16  0:50  SCV  
  17  1:02  SCV  
  18  1:14  SCV  
  19  1:26  Reaper, Orbital Command  
  20  1:40  Command Center  
  20  1:50  Supply Depot  
  20  1:52  SCV  
  21  1:58  Marine  
  22  2:04  SCV  
  23  2:14  Factory  
  23  2:17  SCV  
  23  2:20  Barracks Reactor  
  24  2:31  SCV  
  25  2:40  Command Center  
  25  2:44  SCV  
  26  2:52  Orbital Command  
  26  2:56  SCV  
  27  3:00  Barracks  
  27  3:05  Barracks Tech Lab  
  27  3:08  SCV  
  27  3:10  Hellion  
  30  3:15  Hellion  
  30  3:18  SCV  
  33  3:20  SCV  
  33  3:23  Refinery  
  33  3:25  Marine  
  35  3:29  Stimpack  
  35  3:32  SCV x2  
  37  3:43  Marine  
  37  3:44  SCV x2  
  40  3:51  Starport  
  40  3:53  Orbital Command  
  40  3:56  SCV x2, Factory Reactor  
  40  3:57  Marine  
  40  3:58  Marine  
  40  4:00  Marine  
  45  4:08  SCV  
  45  4:09  SCV  
  44  4:14  Marine  
  44  4:15  Supply Depot  
  45  4:17  Marine  
  45  4:18  Marine  
  45  4:19  SCV  
  45  4:20  SCV  
  45  4:21  SCV  
  48  4:31  SCV  
  48  4:32  SCV  
  48  4:33  Marine, SCV  
  48  4:34  Medivac x2  
  56  4:40  Marine, Supply Depot, Factory Tech Lab  
  56  4:41  Marine, Barracks  
  56  4:44  SCV  
  59  4:46  Refinery  
  59  4:47  SCV x2  
  59  4:49  Refinery  
  61  4:52  Marine  
  61  4:54  Supply Depot  
  62  5:00  Siege Tank  
  62  5:01  SCV x2  
  62  5:02  Marine x2  
  62  5:06  Orbital Command  
  69  5:07  Engineering Bay  
  69  5:09  Engineering Bay  
  69  5:10  Marine  
  69  5:14  SCV x2  
  72  5:17  Supply Depot  
  72  5:19  Marine  
  72  5:20  Marine  
  72  5:21  Supply Depot, Combat Shield  
  74  5:26  SCV x2  
  76  5:28  Marine  
  76  5:31  Barracks Reactor  
  76  5:32  SCV  
  78  5:37  Marine  
  78  5:38  Marine, SCV  
  78  5:40  Terran Infantry Weapons Level 1  
  78  5:42  Terran Infantry Armor Level 1  
  81  5:44  SCV  
  81  5:45  SCV  
  81  5:47  Marine  
  84  5:53  SCV  
  84  5:55  Barracks  
  84  5:56  Barracks  
  85  5:58  SCV x2  
  85  6:02  Marine x2  
  85  6:03  Siege Tank  
  92  6:05  SCV  
  92  6:07  Marine x2  
  92  6:10  Marine, Supply Depot x2  
  96  6:15  Medivac x2  
  96  6:16  SCV  
  101  6:24  Armory  
  101  6:30  Refinery  
  101  6:31  Marine, Factory  
  101  6:32  SCV x3  
  105  6:34  Supply Depot  
  105  6:35  Marine  
  105  6:39  Marine  
  107  6:43  Barracks Reactor x2  
  107  6:44  SCV x2  
  107  6:45  Supply Depot x2  
  109  6:47  Widow Mine  
  109  6:48  SCV  
  109  6:51  Marine  
  113  6:54  Marine  
  113  6:56  SCV  
  113  6:57  Marine  
  113  6:58  Marine  
  113  7:00  Marine  
  115  7:01  SCV  
  115  7:09  Marine  
  115  7:12  Marine  
  115  7:15  Marine x2, Widow Mine  
  120  7:18  Marine, Command Center  
  120  7:20  Marine x2  
  120  7:23  Marine x2  
  120  7:27  Marine  
  120  7:28  SCV x2  
  121  7:30  Marine  
  121  7:32  Widow Mine  
  121  7:33  Marine  
  121  7:34  Marine, Supply Depot  
  121  7:35  SCV  
  121  7:36  Marine  
  128  7:38  Marine  
  128  7:39  Marine  
  129  7:45  Marine  
  129  7:46  Marine  
  129  7:47  Marine  
  129  7:48  Marine  
  129  7:51  Marine x2  
  130  7:53  Widow Mine x2  
  130  7:56  Medivac  
  137  8:00  Marine x3  
  137  8:03  Supply Depot  
  137  8:04  Marine x2  
  140  8:05  Marine  
  140  8:06  Marine  
  140  8:09  Marine  
  140  8:12  Marine  
  144  8:14  Supply Depot x2  
  144  8:15  Factory Reactor  
  144  8:17  Marine  
  144  8:18  Marine x2  
  147  8:21  Supply Depot  
  147  8:22  Supply Depot  

Tags
 
Add a new tag
Caveats
  • Supply blocks, unpowered buildings, or Contaminate may cause inaccurate times.
  • Supply counts are checked every 10 seconds.